 Dungeon Crawl Stone Soup version 0.31-a0-365-gcf821cafb2 (webtiles) character file.

Game seed: 1606446480826437597

92 hashsling the Trooper (level 4, -2/30 HPs)
             Began as a Gargoyle Fighter on July 27, 2023.
             Killed by divine providence
             ... invoked by an orc priest
              (10 damage)
             ... on level 3 of the Dungeon.
             The game lasted 00:03:10 (1740 turns).

hashsling the Trooper (Gargoyle Fighter)            Turns: 1740, Time: 00:03:10

Health: -2/30      AC: 11    Str: 22    XL:     4   Next: 60%
Magic:  4/4        EV:  9    Int:  8    God:
Gold:   106        SH:  4    Dex:  9    Spells: 3/3 levels left

rFire   . . .        a - +0 flail
rCold   . . .        c - +0 buckler
rNeg    + . .        b - +0 scale mail
rPois   ∞            (no helmet)
rElec   +            (no cloak)
rCorr   .            (no gloves)
SInv    .            l - +0 pair of boots
Will    .....        (no amulet) Stlth
                     (no ring)
HPRegen 0.25/turn    (no ring)
MPRegen 0.09/turn

%: no passive effects
@: no status effects
A: sickness immunity, AC +3, negative energy resistance 1, electricity
resistance, torment resistance 1, petrification resistance
a: no special abilities


You were on level 3 of the Dungeon.
You visited 1 branch of the dungeon, and saw 3 of its levels.

You collected 106 gold pieces.

Inventory:

Hand Weapons
 a - a +0 flail (weapon)
Missiles
 h - a throwing net
 o - 2 boomerangs (quivered)
Armour
 b - a +0 scale mail (worn)
 c - a +0 buckler (worn)
 l - a +0 pair of boots (worn)
Jewellery
 p - an amulet of reflection
Scrolls
 f - 3 scrolls of identify {unknown}
 g - a scroll of enchant armour {unknown}
 j - a scroll of amnesia {unknown}
 m - a scroll of fog {unknown}
 n - a scroll of vulnerability {unknown}
 q - a scroll of revelation {unknown}
Potions
 d - a potion of might
 e - a potion of cancellation {unknown}
 i - a potion of curing {unknown}
 k - a potion of berserk rage {unknown}


   Skills:
 + Level 4.6 Fighting
 + Level 3.6 Maces & Flails
 - Level 3.2 Armour
 - Level 3.2 Shields


You had 3 spell levels left.
You didn't know any spells.
Your spell library was empty.

Dungeon Overview and Level Annotations

Branches:
Dungeon (3/15)

Altars:


Innate Abilities, Weirdness & Mutations

You are immune to sickness and miasma.
Your stone body is resilient. (AC +3)
You are immune to poison.
You resist negative energy. (rN+)
You are resistant to electric shocks. (rElec)
You are resistant to unholy torment.
You are immune to petrification.


Message History

You climb upwards.
There is a stone staircase leading down here.
You barely miss the kobold. The kobold barely misses you.
You sock the kobold!
You kill the kobold!
No target in view!
You start resting.
HP restored.
You climb downwards.
There is a stone staircase leading up here.
Things that are here:
a +0 chain mail; a +0 dagger; an orc skeleton The orc priest looks encouraged for a moment.
The orc priest closely misses you.
You hit the orc priest.
The orc priest is lightly wounded.
The orc priest calls down the wrath of Beogh upon you.
Beogh smites you!
You hit the orc priest.
The orc priest is lightly wounded.
The orc priest calls down the wrath of Beogh upon you.
Pain shoots through your body!
The orc priest hits you with a +0 dagger.
You thump the orc priest!
The orc priest is severely wounded.
The orc priest calls down the wrath of Beogh upon you.
Pain shoots through your body!
* * * LOW HITPOINT WARNING * * *
You barely miss the orc priest.
The orc priest is severely wounded.
The orc priest hits you but does no damage.
You closely miss the orc priest.
The orc priest is severely wounded.
The orc priest hits you but does no damage.
You barely miss the orc priest.
The orc priest is severely wounded.
The orc priest barely misses you.
The orc priest invokes the aid of Beogh against you.
Beogh smites you!
You die...

# . #+# .#
#<####.#
#[†....##.#
#.........+
#..@....#.
#....o...#
#.#####....#
#. ..### ..
## ##.


You could see an orc priest.

Vanquished Creatures
  4 adders (D:2)
  2 dart slugs
  5 orcs
  4 bats
  4 endoplasms
  2 giant cockroaches
  7 goblins
  2 hobgoblins (D:1)
  6 kobolds
  A quokka (D:2)
  4 ball pythons
  2 frilled lizards (D:2)
  8 rats
51 creatures vanquished.

Notes
Turn   | Place    | Note
-------+----------+-------------------------------------------
     0 | D:1      | hashsling the Gargoyle Fighter began the quest for the Orb.
     0 | D:1      | Reached XP level 1. HP: 14/14 MP: 1/1
   218 | D:1      | Reached XP level 2. HP: 19/19 MP: 2/2
   712 | D:1      | Reached XP level 3. HP: 18/24 MP: 3/3
   940 | D:2      | Reached skill level 4 in Fighting
  1175 | D:2      | Reached XP level 4. HP: 30/30 MP: 4/4
  1740 | D:3      | Killed from afar by an orc priest

Illustrated notes

Levels and vault maps discovered:
D:1:      lightli_arrival_windingriver, layout_loops_ring, serial_forest,
          infiniplex_forest_lined_corner, infiniplex_forest_straight_4,
          infiniplex_forest_lined_3, infiniplex_forest_3_way,
          infiniplex_forest_lined_2, infiniplex_forest_lined_3,
          infiniplex_forest_split, infiniplex_forest_split,
          chequers_serial_rivers_small_b
D:2:      layout_rooms
D:3:      layout_basic, shapermc_ecumenical_altar_ellora

Skill      XL: |  1  2  3 |
---------------+----------+-----
Fighting       | 4 |  4.6
Maces & Flails | 3 |  3.6
Armour         | |  3.2
Shields        | |  3.2

Action                     |  1- 3 |  4- 6 || total
---------------------------+-------+-------++-------
  Melee: Flail             |   136 |    59 ||   195
 Armour: Scale mail        |    94 |    56 ||   150
  Dodge: Dodged            |    55 |    43 ||    98
  Block: Buckler           |    29 |    14 ||    43

Table legend: (Time is in decaauts)
 A = Elapsed time spent in this place.
 B = Non-inter-level travel time spent in this place.
 C = Inter-level travel time spent in this place.
 D = Time resting spent in this place.
 E = Time spent auto-exploring this place.
 F = Levels seen in this place.
 G = Mean time per level.
                   A        B        C        D        E       F      G
               +--------+--------+--------+--------+--------+-----+--------+
         Total |   1801 |   1731 |     70 |    181 |   1108 |   3 |  600.3 |
       Dungeon |   1801 |   1731 |     70 |    181 |   1108 |   3 |  600.3 |
               +--------+--------+--------+--------+--------+-----+--------+

Top non-repeatable levels by time:
     D:1: 879 daAuts
     D:2: 878 daAuts
     D:3: 43 daAuts
